cohdb
Replays
Latest Replays
All Replays
Popular Replays
Top Player Replays
Match Explorer
How It Works
Community
CoH3 Stats
Reddit
Sign in to upload your games and track your stats! →
Sign in with Steam
Match 20068229
Unlisted
Match 20068229
Overview
Messages
Build Orders
End
Selects Armored Battlegroup
Selects Assault Engineers
Assault Engineer Squad
Construct Weapon Support Center
M1919 Machine Gun Team
Assault Engineer Squad
Assault Engineer Squad
Construct Medical Station
Air Support Center
M1919 Machine Gun Team
Construct Motor Pool
M1919 Machine Gun Team
M8 Greyhound Armored Car
P-47 Strafing Run
ms0264807
MonoChrome
0002
Jansen
0
0
Comments
sign in to comment!
No comments posted yet!